 Dungeon Crawl Stone Soup version 0.19.5 (webtiles) character file.

983 greprep the Shield-Bearer (level 7, -8/60 HPs)
             Began as a Minotaur Fighter on Apr 30, 2017.
             Killed by divine providence
             ... invoked by an orc priest
              (14 damage)
             ... on level 6 of the Dungeon.
             The game lasted 00:14:12 (3672 turns).

greprep the Shield-Bearer (Minotaur Fighter)        Turns: 3672, Time: 00:14:12

Health: -8/60      AC: 11    Str: 27    XL:     7   Next: 96%
Magic:  6/6        EV:  9    Int:  5    God:
Gold:   164        SH: 11    Dex: 10    Spells: 0 memorised, 6 levels left

rFire  . . .     SeeInvis .     p - +1 flail (protect)
rCold  . . .     Gourm    .     z - +0 scale mail
rNeg   . . .     Faith    .     c - +0 shield
rPois  .         Spirit   .     k - +1 hat
rElec  .         Reflect  .     t - +0 cloak
rCorr  .         Harm     .     (no gloves)
MR     .....                    h - +0 pair of boots
Stlth  ..........               (no amulet)
                                (no ring)
                                (no ring)

@: mighty
A: retaliatory headbutt, horns 2
a: no special abilities


You were on level 6 of the Dungeon.
You were not hungry.

You visited 1 branch of the dungeon, and saw 6 of its levels.

You collected 219 gold pieces.
You spent 55 gold pieces at shops.

Inventory:

Hand Weapons
 e - a +2 whip of holy wrath
 p - a +1 flail of protection (weapon)
 u - a +1 hand axe of flaming
Missiles
 B - 10 poisoned needles
Armour
 c - a +0 shield (worn)
 h - a +0 pair of boots (worn)
 k - a +1 hat (worn)
 t - a +0 cloak (worn)
 z - a +0 scale mail (worn)
Scrolls
 a - a scroll of fear {unknown}
 b - a scroll of noise {unknown}
 f - a scroll of recharging {unknown}
 j - a scroll of enchant weapon {unknown}
 l - 3 scrolls of identify {unknown}
 r - 4 scrolls of remove curse {unknown}
 s - a scroll of magic mapping {unknown}
 v - a scroll of teleportation {unknown}
 y - a scroll of blinking {unknown}
 A - a scroll of fog {unknown}
Potions
 d - 4 potions of might
 i - a potion of lignification {unknown}
 n - a potion of ambrosia {unknown}
 o - 2 potions of degeneration {unknown}
 q - a potion of curing {unknown}
 w - a potion of flight {unknown}
Comestibles
 g - a meat ration
 m - 5 fruits
 C - a bread ration


   Skills:
 + Level 4.9 Fighting
   Level 2.4 Long Blades
 - Level 2.5(4.5) Axes
 * Level 5.9(6.2) Maces & Flails
 + Level 6.2 Armour
 + Level 2.4 Dodging
 + Level 6.4 Shields


You had 6 spell levels left.
You didn't know any spells.

Dungeon Overview and Level Annotations

Branches:
Dungeon (6/15)
 Temple: D:4-7

Altars:

Shops:
D:4 !


Innate Abilities, Weirdness & Mutations

You reflexively headbutt those who attack you in melee.
You have a pair of horns on your head.


Message History

The orc priest calls down the wrath of Beogh upon you.
Beogh smites you!
* * * LOW HITPOINT WARNING * * *
Things that are here:
a leather armour; an orc corpse You feel very mighty all of a sudden.
The killer bee zombie hits you but does no damage.
You block the killer bee zombie's attack.
You closely miss the killer bee zombie.
The killer bee zombie is severely damaged.
You block the killer bee zombie's attack.
The killer bee zombie hits you.
* * * LOW HITPOINT WARNING * * *
The orc priest calls upon Beogh to heal something.
The killer bee zombie closely misses you.
You furiously retaliate!
You headbutt the killer bee zombie!!
You destroy the killer bee zombie!
The orc priest invokes the aid of Beogh against you.
Beogh smites you!
You die...

###..<..(#
..#..
#........##....
....###...(#oo#
### ###.{.o#
##o### #####o[#
#..[...###
#.####...####
###.@..# ####.#
.# .. .. .. .


You could see an orc priest.

Vanquished Creatures
  A sky beast (D:5)
  An ogre (D:5)
  A bullfrog zombie (D:5)
  3 crimson imps (D:5)
  The ghost of greprep the Sneak, a weakling SpEn (D:3)
  A hound (D:4)
  4 orc priests
  3 orc wizards
  An iguana (D:4)
  5 worker ants
  A killer bee zombie (D:6)
  A hound skeleton (D:5)
  11 adders
  3 oozes
  3 worms
  A dart slug (D:3)
  6 leopard geckos
  18 orcs
  A ball python (D:2)
  10 giant cockroaches
  5 goblins
  4 hobgoblins
  6 jackals
  8 bats
  4 frilled lizards
  11 kobolds
  3 rats
117 creatures vanquished.

Notes
Turn   | Place    | Note
-------+----------+-------------------------------------------
     0 | D:1      | greprep the Minotaur Fighter began the quest for the Orb.
     0 | D:1      | Reached XP level 1. HP: 19/19 MP: 0/0
   352 | D:1      | Reached XP level 2. HP: 27/27 MP: 1/1
   634 | D:2      | Reached skill level 1 in Maces & Flails
   756 | D:2      | Reached XP level 3. HP: 28/33 MP: 2/2
  1390 | D:2      | Reached XP level 4. HP: 40/40 MP: 3/3
  1504 | D:3      | Noticed greprep's ghost (weakling SpEn)
  1511 | D:3      | Killed greprep's ghost
  1554 | D:3      | Reached skill level 5 in Armour
  1554 | D:3      | Reached XP level 5. HP: 14/46 MP: 4/4
  1601 | D:3      | Reached skill level 1 in Dodging
  2240 | D:3      | Reached skill level 5 in Shields
  2240 | D:3      | Reached XP level 6. HP: 49/52 MP: 5/5
  2525 | D:4      | Found Conikoch's Distillery.
  2555 | D:4      | Bought a potion of heal wounds for 55 gold pieces
  2733 | D:4      | Reached skill level 1 in Axes
  2875 | D:5      | Entered Level 5 of the Dungeon
  3080 | D:5      | Reached XP level 7. HP: 56/60 MP: 6/6
  3499 | D:5      | Reached skill level 5 in Maces & Flails
  3672 | D:6      | Killed from afar by an orc priest

Skill      XL: |  1  2  3  4  5  6  7 |
---------------+----------------------+-----
Armour         | 4 5 6 |  6.2
Maces & Flails | 1 2 3 5 |  5.9
Shields        | 4 5 6 |  6.4
Fighting       | 4 |  4.9
Dodging        | 1 2 |  2.4
Axes           | 2 |  2.5
Long Blades    | |  2.4

Action                   |  1- 3 |  4- 6 |  7- 9 || total
-------------------------+-------+-------+-------++-------
Melee: Whip              |    69 |   110 |       ||   179
       Long sword        |     8 |       |       ||     8
       Headbutt          |    15 |    26 |    16 ||    57
       Hand axe          |       |    67 |    10 ||    77
       Flail             |       |       |    69 ||    69
  Use: Potion            |       |       |     2 ||     2
  Eat: Chunk             |     1 |     1 |       ||     2
       Bread ration      |       |     1 |     1 ||     2
Armor: Scale mail        |    32 |    82 |    57 ||   171
Dodge: Dodged            |    24 |    69 |    35 ||   128
Block: Shield            |    43 |    96 |    43 ||   182
